 Dungeon Crawl Stone Soup version 0.26.0-15-gc6cd9f700b (webtiles) character file.

Game seed: 54647737076775928

376656 OdinFK the Black Belt (level 21, 0/210 HPs)
             Began as a Troll Monk on Jan 16, 2021.
             Was an Elder of Wu Jian.
             Killed by divine providence
             ... invoked by a red draconian stormcaller
              (13 damage)
             ... on level 1 of the Realm of Zot.
             The game lasted 04:21:48 (36220 turns).

OdinFK the Black Belt (Troll Monk)                 Turns: 36220, Time: 04:21:48

Health: 0/210      AC: 23    Str: 17      XL:     21   Next: 46%
Magic:  25/25      EV: 25    Int: 14 (15) God:    Wu Jian [****..]
Gold:   1876       SH:  0    Dex: 27      Spells: 10/20 levels left

rFire    + . .     SeeInvis +     - Unarmed
rCold    + . .     Faith    .   (no shield)
rNeg     + + +     Spirit   .   g - +7 faerie dragon scales {Will+ rCorr Str-3 Int+3}
rPois    +         Reflect  .   d - +2 hat
rElec    +         Harm     .   p - +2 cloak {rPois}
rCorr    +         Rampage  .   (gloves unavailable)
Will     +++++                  (boots unavailable)
Stlth    ++........             I - amulet "Lupo Ekabi" {rN++ Regen+ Str+3}
HPRegen  1.25/turn              N - ring of Luilisew {rElec rPois Int+6 Dex-2}
MPRegen  0.19/turn              G - ring of the Pharaoh's Fist {rC+ rN+ SInv}

@: exhausted, about to teleport, berserk cooldown, slowed, very slow
A: large, unfitting armour, antennae 1, claws 3, talons 1, clever 2,
deterioration 1, fire resistance 1, strong-willed 3, mutation resistance 1,
regeneration 1, shaggy fur 1, tough skin 3, weak 1
}: 3/15 runes: serpentine, barnacled, slimy
a: Renounce Religion, Wall Jump, Serpent's Lash


You were on level 1 of the Realm of Zot.
You worshipped Wu Jian.
Wu Jian was greatly pleased with you.
You visited 10 branches of the dungeon, and saw 45 of its levels.

You collected 4189 gold pieces.
You spent 2053 gold pieces at shops.
You donated 260 gold pieces to Zin.

Inventory:

Missiles
 l - 4 boomerangs of dispersal
 q - 6 silver boomerangs
 v - 83 poisoned darts
 R - 80 large rocks (quivered)
 Z - 10 curare-tipped darts
Armour
 d - a +2 hat (worn)
 g - the +7 faerie dragon scales (worn) {Will+ rCorr Str-3 Int+3}
   (You took it off the Enchantress on level 4 of the Depths)

   It affects your strength (-3).
   It affects your intelligence (+3).
   It affects your willpower, your defense against some magical effects.
   It provides partial protection from all sources of acid and corrosion.
 p - a +2 cloak of poison resistance (worn)
Jewellery
 b - an uncursed amulet of reflection
 B - a +4 ring of slaying
 D - an uncursed ring of protection from fire
 F - the ring "Edett" {rPois rN+ rCorr Int+2}
   (You found it on level 5 of the Pits of Slime)

   [ring of resist corrosion]

   It affects your intelligence (+2).
   It protects you from poison.
   It protects you from negative energy.
   It provides partial protection from all sources of acid and corrosion.
 G - the ring of the Pharaoh's Fist (right claw) {rC+ rN+ SInv}
   (You bought it in a shop on level 2 of the Depths)

   [ring of protection from cold]

   It protects you from cold.
   It protects you from negative energy.
   It lets you see invisible.
 I - the amulet "Lupo Ekabi" (around neck) {rN++ Regen+ Str+3}
   (You acquired it on level 1 of the Snake Pit)

   [amulet of regeneration]

   It affects your strength (+3).
   It greatly protects you from negative energy.
   It increases your rate of regeneration.
 N - the ring of Luilisew (left claw) {rElec rPois Int+6 Dex-2}
   (You found it on level 5 of the Pits of Slime)

   [ring of intelligence]

   It affects your intelligence (+6).
   It affects your dexterity (-2).
   It insulates you from electricity.
   It protects you from poison.
 O - an uncursed amulet of the acrobat
Wands
 o - a wand of iceblast (8)
 z - a wand of disintegration (18)
 J - a wand of flame (77)
 M - a wand of digging (12)
 S - a wand of paralysis (35)
Scrolls
 f - 4 scrolls of magic mapping
 i - 7 scrolls of identify
 j - 9 scrolls of amnesia
 k - a scroll of fear
 t - 4 scrolls of teleportation
 u - 27 scrolls of remove curse
 x - a scroll of summoning
 y - 6 scrolls of immolation
 A - 3 scrolls of enchant armour
 L - 5 scrolls of fog
 Q - 2 scrolls of holy word
Potions
 a - 2 potions of berserk rage
 c - 13 potions of curing
 e - 4 potions of attraction
 h - 5 potions of haste
 m - 3 potions of might
 n - 9 potions of flight
 r - a potion of resistance
 s - 7 potions of mutation
 w - 3 potions of heal wounds
 C - 7 potions of brilliance
 E - 3 potions of invisibility
 K - a potion of magic
 U - 2 potions of cancellation
 W - 6 potions of ambrosia
Miscellaneous
 H - a condenser vane
 P - a lightning rod (4/4)
 T - a tin of tremorstones (2/2)


   Skills:
 + Level 13.3 Fighting
 - Level 10.0 Throwing
 - Level 6.3 Armour
 + Level 16.2 Dodging
 - Level 1.0 Stealth
 + Level 20.2 Unarmed Combat
 - Level 3.0 Translocations
 + Level 10.3 Transmutations
 - Level 7.0 Invocations
 + Level 9.4 Evocations


You had 10 spell levels left.
You knew the following spells:

 Your Spells              Type           Power        Failure   Level
a - Beastly Appendage     Tmut           58%          1%          1
b - Wereblood             Tmut           29%          1%          2
c - Blade Hands           Tmut           14%          16%         5
d - Blink                 Tloc           N/A          17%         2

Your spell library contained the following spells:

 Spells                   Type           Power        Failure   Level
 Sting                    Tmut/Pois      56%          4%          1
 Spider Form              Tmut/Pois      7%           14%         3
 Ignite Poison            Fire/Tmut/Pois 9%           28%         3
 Animate Skeleton         Necr           0%           36%         1
 Foxfire                  Conj/Fire      0%           36%         1
 Magic Dart               Conj           0%           36%         1
 Pain                     Necr           0%           36%         1
 Shock                    Conj/Air       0%           36%         1
 Ice Form                 Ice/Tmut       14%          41%         4
 Call Imp                 Summ           0%           50%         2
 Corpse Rot               Necr/Air       N/A          50%         2
 Ensorcelled Hibernation  Hex/Ice        0%           50%         2
 Poisonous Vapours        Pois/Air       0%           50%         2
 Slow                     Hex            0%           50%         2
 Sublimation of Blood     Necr           0%           50%         2
 Swiftness                Air            0%           50%         2
 Hydra Form               Tmut           14%          63%         6
 Conjure Flame            Conj/Fire      0%           75%         3
 Mephitic Cloud           Conj/Pois/Air  0%           75%         3
 Static Discharge         Conj/Air       0%           75%         3
 Vampiric Draining        Necr           0%           75%         3
 Alistair's Intoxication  Tmut/Pois      9%           77%         5
 Yara's Violent Unravell  Hex/Tmut       7%           77%         5
 Airstrike                Air            0%           98%         4
 Animate Dead             Necr           0%           98%         4
 Cause Fear               Hex            0%           98%         4
 Dispel Undead            Necr           0%           98%         4
 Olgreb's Toxic Radiance  Pois           0%           98%         4
 Summon Ice Beast         Ice/Summ       0%           98%         4
 Agony                    Necr           0%           100%        5
 Bolt of Magma            Conj/Fire/Erth 0%           100%        5
 Excruciating Wounds      Necr           0%           100%        5
 Lightning Bolt           Conj/Air       0%           100%        5
 Silence                  Hex/Air        0%           100%        5
 Freezing Cloud           Conj/Ice/Air   0%           100%        6
 Iron Shot                Conj/Erth      0%           100%        6
 Statue Form              Tmut/Erth      9%           100%        6
 Orb of Destruction       Conj           0%           100%        7
 Discord                  Hex            0%           100%        8


Dungeon Overview and Level Annotations

Branches:
Dungeon (15/15)            Temple (1/1) D:4            Lair (6/6) D:9
 Shoals (4/4) Lair:2        Snake (4/4) Lair:3        Slime (5/5) Lair:5
    Orc (2/2) D:10            Elf (2/3) Orc:2        Vaults (0/5) D:14
 Depths (5/5) D:15            Zot (1/5) Depths:5

Altars:
Ashenzari
Cheibriados
Dithmenos
Elyvilon
Fedhas
Gozag
Hepliaklqana
Kikubaaqudgha
Makhleb
Nemelex Xobeh
Okawaru
Qazlal
Ru
Sif Muna
Trog
Uskayaw
Vehumet
Wu Jian
Xom
Yredelemnul
Zin
The Shining One
Beogh
Jiyva
Lugonu

Shops:
D:4 [   D:5 ?   D:7 (   D:8 :   D:9 (   D:10 =   D:13 [   Orc:2 (((}
Shoals:4 =   Depths:2 }=}   Depths:3 !((   Depths:4 :

Portals:
Hell: Depths:1 Depths:2 Depths:3 Depths:5
Abyss: Depths:1 Depths:5
Pandemonium: Depths:3 Depths:5
Ziggurat: Depths:4
Trove: Depths:1 (give 12 potions of heal wounds)

Annotations:
D:3 Sigmund
D:5 Dowan
D:7 3 runed translucent doors, EnegeticOcto's ghost, novice GnVM; Gauvater's ghost, novice FoFi; Goreval's ghost, novice OpCj
Shoals:4 Ilsuiw
Snake:1 2 transporters, exclusion: orange crystal statue
Slime:2 Dissolution
Slime:5 Royal Jelly
Depths:3 exclusion: downstairs
Zot:1 12 runed doors, Flapstick's ghost, legendary HaBe


Innate Abilities, Weirdness & Mutations

You are too large for most types of armour.
You have claws for hands.
Your natural rate of healing is unusually fast.
You are covered in fur. (AC +1)
You have extremely tough skin. (AC +3)
You have a pair of small antennae on your head.
You have sharp toenails.
Your mind is very acute. (Int +4)
Your body sometimes deteriorates upon taking damage.
Your flesh is heat resistant. (rF+)
You are extremely strong-willed. (Will+++)
You are somewhat resistant to further mutation.
You are weak. (Str -2)


Message History

The quicksilver dragon completely misses you.
The red draconian stormcaller completely misses you.
The purple draconian closely misses you.
The red draconian annihilator casts a spell at you.
The iron shot misses you.
The quicksilver dragon completely misses you.
The quicksilver dragon barely misses you.
Okay, then.
You feel better.
The komodo dragon is no longer berserk.
The komodo dragon disappears in a puff of smoke!
The white draconian is engulfed in freezing vapours.
The white draconian closely misses you.
The wind drake rages.
The quicksilver dragon barely misses you.
The quicksilver dragon closely misses you.
The white draconian is engulfed in freezing vapours.
The white draconian barely misses you.
The red draconian stormcaller calls down the wrath of Qazlal upon you.
Qazlal smites you!
You die...

#...........
#...†..##.###.### ..
#.....#...y.....## ..#
.....#.......°... ...
.....#....y..... #..
.....#.....#..###?#
.#...#.......##kk#
.....#...≈...#dqk#
+....#.......#Xq@##
+....#.#§###kd§dD*#
+.....q......#........
+......q.≈...#...#...#
+...q........#.......#
+........#####.....#...
+...X........#...$......
+....q.......##.....(#..
+.............##.....


You could see an orb of fire, a tentacled monstrosity, a purple draconian, a red
draconian (berserk), a white draconian (berserk), a quicksilver dragon, a red
draconian stormcaller, a red draconian annihilator, a death drake (summoned), a
wind drake (summoned, berserk, repels missiles), a rime drake (summoned) and a
swamp drake (summoned).

Vanquished Creatures
  Vashnia (Snake:2)
  Nikola (Depths:2)
  the Enchantress (Depths:4)
  A pearl dragon (Depths:1)
  2 liches
  6 tentacled monstrosities
  Rupert (Lair:3)
  3 acid blobs
  4 quicksilver dragons
  A titan (Depths:4)
  2 death cobs (Zot:1)
  A sphinx (Depths:2)
  2 shadow dragons
  Kirke (D:13)
  A storm dragon (Zot:1)
  Gastronok (Lair:1)
  2 nagarajas (Snake:4)
  2 tengu reavers (Depths:5)
  An iron dragon (Depths:5)
  A balrug (Depths:1)
  2 orc warlords (Orc:1)
  7 fire giants
  2 draconian knights
  33 very ugly things
  An ophan (Depths:1)
  4 spriggan defenders
  11 stone giants
  An apis (Depths:1)
  4 vampire knights
  Azrael (Snake:1)
  2 deep elf annihilators
  A black draconian (Zot:1)
  The ghost of dracos369 the Covert, a journeyman GnDe of Uskayaw (Orc:2)
  4 entropy weavers (Depths:5)
  A dire elephant (D:15)
  A yellow draconian (Zot:1)
  6 spark wasps
  A merfolk javelineer (Shoals:4)
  A deep elf death mage (Depths:5)
  7 ettins
  2 death oozes (Depths:1)
  7 fire dragons
  A jiangshi (Depths:5)
  A yaktaur captain (Depths:2)
  3 merfolk impalers (Shoals:4)
  6 great orbs of eyes
  Fannar (Lair:3)
  A boulder beetle (D:13)
  5 vault guards (Depths:1)
  2 deep elf high priests
  12 naga warriors
  13 ice dragons
  5 rakshasas
  4 hydras
  5 spriggan air magi
  11 anacondas
  2 satyrs (Shoals:1)
  A merfolk aquamancer (Shoals:4)
  5 ogre magi
  9 deep troll shamans
  Erica (Lair:1)
  4 tengu warriors
  22 two-headed ogres
  6 deep troll earth magi
  11 centaur warriors
  A two-headed ogre (shapeshifter) (Depths:5)
  3 dancing weapons (Elf:1)
  3 vampire magi
  5 spriggan berserkers
  3 shock serpents
  14 naga sharpshooters
  A soul eater (Depths:3)
  Sonja (Lair:6)
  A fire crab (shapeshifter) (Depths:1)
  3 iron trolls
  A salamander mystic (Snake:3)
  A spark wasp zombie (Depths:5)
  17 hell knights
  9 glowing orange brains
  5 unseen horrors
  3 flayed ghosts (Depths:5)
  A death drake (shapeshifter) (Depths:3)
  12 deep trolls
  5 wizards
  2 deep elf archers
  7 naga ritualists
  20 sea snakes
  An infernal demonspawn (Depths:3)
  10 necromancers
  17 deep elf magi (Elf:1)
  A phantasmal warrior (D:14)
  22 ugly things
  A lindwurm (Lair:5)
  15 harpies
  9 mana vipers
  3 orc knights
  A wolf spider (D:15)
  3 orc sorcerers (Orc:1)
  7 oklob plants (Lair:2)
  4 manticores
  2 fauns (Shoals:1)
  7 merfolk sirens
  12 elephants
  6 moths of wrath (Zot:1)
  5 salamanders
  9 cyclopes
  3 eyes of devastation (Depths:2)
  7 naga magi
  2 water nymphs
  8 guardian serpents
  45 black mambas
  8 cane toads
  2 gargoyles
  3 smoke demons
  2 hellions
  3 rime drakes
  A freezing wraith (D:14)
  A spark wasp simulacrum (Depths:4)
  8 komodo dragons
  16 yaktaurs
  3 red devils (Depths:1)
  21 trolls
  20 merfolk
  A merfolk (shapeshifter) (Depths:4)
  3 hellwings (Depths:1)
  8 hornets
  A queen bee (shapeshifter) (Depths:4)
  A queen bee (Lair:1)
  A troll (shapeshifter) (Depths:3)
  2 polar bears
  9 blink frogs
  A sphinx simulacrum (Depths:4)
  2 wind drakes
  32 slime creatures
  4 dream sheep
  A dream sheep (shapeshifter) (Depths:3)
  10 snapping turtles
  A centaur simulacrum (D:15)
  4 shadows
  2 wraiths
  2 yaks (shapeshifter)
  4 water elementals
  3 air elementals (Elf:1)
  17 spriggans
  8 wyverns
  A fire bat (shapeshifter) (Depths:4)
  4 basilisks
  6 fire elementals
  49 yaks
  3 golden eyes (Depths:2)
  A neqoxec (Depths:3)
  2 vampire mosquitoes
  2 soldier ants
  5 wargs
  3 hell hounds (Snake:1)
  2 acid dragons
  31 nagas
  17 water moccasins
  4 floating eyes
  A black bear (shapeshifter) (Depths:3)
  4 sky beasts
  A human skeleton (Depths:4)
  2 necrophages
  6 black bears
  3 ice beasts
  35 orc warriors
  An eye of draining (Depths:1)
  37 ogres
  3 phantoms
  6 boggarts
  7 wolves
  19 centaurs
  2 big kobolds
  Blork the orc (D:5)
  27 bullfrogs
  A wyvern zombie (D:9)
  An earth elemental (Elf:2)
  A wyvern skeleton (D:8)
  6 scorpions
  29 killer bees
  5 electric eels
  4 crimson imps (Depths:1)
  3 centaur zombies
  3 lava snakes (Snake:3)
  A bullfrog zombie (D:6)
  6 hounds
  33 jellies
  6 centaur skeletons
  23 orc priests
  19 orc wizards
  A bullfrog skeleton (D:9)
  An iguana (D:11)
  11 worker ants
  A hound zombie (D:7)
  3 gnolls (D:8)
  A howler monkey skeleton (D:9)
  18 adders
  A shadow imp (D:8)
  3 white imps
  3 ufetubi
  An ooze (D:1)
  An adder skeleton (D:5)
  2 worms
  2 dart slugs (D:1)
  4 leopard geckos
  99 orcs
  6 bats
  3 giant cockroaches
  16 goblins
  4 hobgoblins
  6 jackals (D:2)
  14 kobolds
  6 quokkas
  2 ball pythons
  4 frilled lizards
  A jackal skeleton (D:4)
  A quokka skeleton (D:4)
  8 rats
  A plant (Lair:2)
1439 creatures vanquished.

Vanquished Creatures (collateral kills)
  Aizul (Snake:1)
1 creature vanquished.

Vanquished Creatures (others)
  An acid blob (Snake:4)
  2 nagarajas (Snake:4)
  A merfolk impaler (Shoals:4)
  A naga warrior (Snake:2)
  A centaur warrior (Depths:2)
  An anaconda (Snake:3)
  A hell knight (Depths:2)
  3 sea snakes
  An unseen horror (D:15)
  A naga ritualist (Snake:4)
  A necromancer (Depths:2)
  An orc sorcerer (Orc:1)
  A manticore (D:15)
  A guardian serpent (Snake:4)
  3 black mambas
  A hellwing (Depths:1)
  2 merfolk
  6 slime creatures
  A snapping turtle (Shoals:4)
  6 nagas
  2 orc warriors (Orc:1)
  A boggart (Lair:5)
  A bullfrog (D:15)
  106 jellies
  An orc wizard (Orc:1)
  4 orcs
  A ball python (Snake:2)
  27 fungi
  2 lurking horrors (Shoals:3)
  153 plants
  4 withered plants (D:7)
338 creatures vanquished.

Grand Total: 1778 creatures vanquished

Notes
Turn   | Place    | Note
-------+----------+-------------------------------------------
     0 | D:1      | OdinFK the Troll Monk began the quest for the Orb.
     0 | D:1      | Reached XP level 1. HP: 22/22 MP: 0/0
    37 | D:1      | Reached XP level 2. HP: 29/29 MP: 1/1
   483 | D:1      | Reached XP level 3. HP: 36/36 MP: 2/2
   914 | D:2      | Found a sacrificial altar of Ru.
   949 | D:2      | Reached skill level 4 in Unarmed Combat
   986 | D:2      | Found a hazy altar of Hepliaklqana.
  1015 | D:2      | Reached XP level 4. HP: 38/44 MP: 3/3
  1396 | D:3      | Found an iron altar of Okawaru.
  1811 | D:3      | Noticed Sigmund
  1923 | D:4      | Noticed an ogre
  1988 | D:4      | Found a staircase to the Ecumenical Temple.
  1998 | Temple   | Entered the Ecumenical Temple
  2092 | D:4      | Reached XP level 5. HP: 47/53 MP: 4/4
  2130 | D:4      | Reached skill level 5 in Unarmed Combat
  2181 | D:4      | Noticed a phantom
  2233 | D:4      | Killed a phantom
  2234 | D:4      | Reached XP level 6. HP: 42/61 MP: 5/5
  2516 | D:4      | Found Wyewn's Armour Shop.
  2560 | D:5      | Entered Level 5 of the Dungeon
  2596 | D:5      | Reached XP level 7. HP: 70/70 MP: 6/6
  2650 | D:5      | Noticed Dowan
  2724 | D:5      | Found a glowing golden altar of the Shining One.
  2755 | D:5      | Noticed Blork the orc
  2777 | D:5      | Killed Blork the orc
  2838 | D:5      | Found a radiant altar of Vehumet.
  2876 | D:5      | Reached skill level 6 in Unarmed Combat
  2980 | D:5      | Reached XP level 8. HP: 13/79 MP: 7/7
  3031 | D:5      | Reached skill level 5 in Fighting
  3031 | D:5      | Reached skill level 5 in Dodging
  3138 | D:5      | Found Vary's Magic Scroll Boutique.
  3436 | D:6      | Found a hide-covered altar of Uskayaw.
  3436 | D:6      | Noticed a +0 hand axe
  3437 | D:6      | Noticed a +0 dagger
  3513 | D:6      | Found an ancient bone altar of Kikubaaqudgha.
  3577 | D:6      | Got a dazzling falchion
  3695 | D:6      | Reached skill level 7 in Unarmed Combat
  3850 | D:6      | Found a bloodstained altar of Trog.
  3941 | D:6      | Found a stormy altar of Qazlal.
  3961 | D:6      | Found a shimmering altar of Xom.
  3963 | D:6      | Found a shimmering altar of Xom.
  3963 | D:6      | Found a stormy altar of Qazlal.
  3966 | D:6      | Found a hazy altar of Hepliaklqana.
  3966 | D:6      | Found a glowing golden altar of the Shining One.
  3966 | D:6      | Found a hazy altar of Hepliaklqana.
  4212 | D:7      | Reached skill level 8 in Unarmed Combat
  4253 | D:7      | Reached XP level 9. HP: 89/89 MP: 8/8
  4324 | D:7      | Found a runed translucent gate.
  4324 | D:7      | Found a runed translucent gate.
  4324 | D:7      | Noticed EnegeticOcto's ghost (novice GnVM)
  4325 | D:7      | Found a runed translucent gate.
  4325 | D:7      | Noticed Goreval's ghost (novice OpCj)
  4325 | D:7      | Noticed Gauvater's ghost (novice FoFi)
  4428 | D:7      | Found a glowing silver altar of Zin.
  4543 | D:7      | Found Jelenac's Antique Weapon Boutique.
  4862 | D:8      | Found an opulent altar of Gozag.
  4977 | D:8      | Learned a level 1 spell: Beastly Appendage
  5019 | D:8      | Found a glowing silver altar of Zin.
  5121 | D:7      | Reached skill level 1 in Transmutations
  5146 | D:8      | Found a snail-covered altar of Cheibriados.
  5226 | D:8      | Found Omits's Book Shoppe.
  5309 | D:9      | Found Cocruz's Weapon Shoppe.
  5355 | D:9      | Noticed a troll
  5418 | D:9      | Found a sparkling altar of Nemelex Xobeh.
  5581 | D:9      | Found a staircase to the Lair.
  5581 | D:9      | Noticed an elephant
  5600 | D:9      | Killed an elephant
  5601 | D:9      | Reached skill level 9 in Unarmed Combat
  5834 | D:9      | Got a steaming spear
  5896 | D:9      | Reached XP level 10. HP: 88/100 MP: 9/9
  5933 | D:9      | Reached skill level 10 in Unarmed Combat
  6424 | Lair:1   | Entered Level 1 of the Lair of Beasts
  6424 | Lair:1   | Noticed Gastronok
  6424 | Lair:1   | Noticed a cane toad
  6440 | D:10     | Entered Level 10 of the Dungeon
  6481 | D:10     | Found Ipnun's Jewellery Shoppe.
  6491 | D:10     | Bought an uncursed ring of poison resistance for 240 gold
                  | pieces
  6700 | D:10     | Reached skill level 1 in Evocations
  6798 | D:10     | Reached skill level 11 in Unarmed Combat
  7028 | D:10     | Noticed a two-headed ogre
  7185 | D:10     | Killed a two-headed ogre
  7260 | D:10     | Found a staircase to the Orcish Mines.
  7413 | D:11     | Reached XP level 11. HP: 76/109 MP: 8/10
  7619 | D:11     | Found a burning altar of Makhleb.
  7895 | D:12     | Reached skill level 1 in Throwing
  8089 | D:12     | Noticed a two-headed ogre
  8089 | D:12     | Noticed a two-headed ogre
  8208 | D:12     | You fall into a shaft and drop 1 floor!
  8598 | D:12     | Killed a two-headed ogre
  8599 | D:12     | Reached skill level 12 in Unarmed Combat
  8766 | D:12     | Killed an unseen horror
  8845 | D:13     | Noticed a two-headed ogre
  8958 | D:13     | Noticed a boulder beetle
  9032 | D:13     | Killed a two-headed ogre
  9096 | D:13     | Reached XP level 12. HP: 107/119 MP: 11/11
  9114 | D:13     | Learned a level 2 spell: Wereblood
  9336 | D:13     | Found Taunnink's Antique Armour Shoppe.
  9845 | Lair:1   | Noticed Erica
  9888 | Lair:1   | Reached skill level 5 in Throwing
 10182 | Lair:1   | Reached skill level 13 in Unarmed Combat
 10375 | Lair:2   | You fall into a shaft and drop 1 floor!
 10375 | Lair:3   | Noticed Fannar
 10382 | Lair:3   | Noticed a five-headed hydra
 10384 | Lair:3   | Killed Fannar
 10389 | Lair:3   | Killed a five-headed hydra
 10730 | Lair:2   | Found a staircase to the Shoals.
 11026 | Lair:2   | Reached XP level 13. HP: 81/128 MP: 12/12
 11288 | Lair:3   | Found a staircase to the Snake Pit.
 11342 | Lair:3   | Noticed Rupert
 11729 | Lair:4   | Learned a level 5 spell: Blade Hands
 12115 | Lair:5   | Reached skill level 5 in Evocations
 12169 | Lair:5   | You fall into a shaft and drop 1 floor!
 12169 | Lair:6   | Entered Level 6 of the Lair of Beasts
 12181 | Lair:6   | Reached skill level 5 in Transmutations
 12290 | Lair:6   | Noticed Sonja
 12293 | Lair:6   | Killed Sonja
 12401 | Lair:6   | Identified a scroll of acquirement
 12404 | Lair:6   | Acquired 723 gold pieces
 12580 | Lair:6   | Acquired a manual of Polearms
 13000 | Lair:5   | Reached skill level 10 in Dodging
 13137 | Lair:5   | Found a viscous altar of Jiyva.
 13138 | Lair:5   | Found a staircase to the Slime Pits.
 13489 | Lair:5   | Reached skill level 14 in Unarmed Combat
 13525 | Lair:5   | Reached XP level 14. HP: 52/140 MP: 13/13
 13730 | Lair:5   | Became a worshipper of Jiyva Juucawk the Shapeless
 13730 | Lair:5   | Reached * piety under Jiyva
 13730 | Lair:5   | Reached ** piety under Jiyva
 13829 | Lair:5   | Reached *** piety under Jiyva
 13831 | Lair:5   | Gained mutation: You have a small jelly attached to you
                  | that may absorb incoming projectiles. [Jiyva's grace]
 14154 | Lair:1   | Killed Erica
 14490 | D:9      | Found an ornate altar of the Wu Jian Council.
 14597 | D:10     | Gained mutation: You are partially covered in slimy green
                  | scales. (AC +2) [Jiyva's grace]
 14597 | D:10     | Reached **** piety under Jiyva
 14699 | D:13     | Noticed Kirke
 14710 | D:13     | Killed Kirke
 15015 | D:14     | Reached skill level 10 in Fighting
 15055 | D:14     | Found a gate to the Vaults.
 15163 | D:14     | Gained mutation: You have large cloven feet. [Jiyva's
                  | grace]
 15169 | D:14     | Reached ***** piety under Jiyva
 15583 | D:15     | Entered Level 15 of the Dungeon
 15644 | D:15     | Lost mutation: You are partially covered in slimy green
                  | scales. (AC +2) [Jiyva's grace]
 15746 | D:15     | Reached skill level 15 in Unarmed Combat
 15818 | D:15     | Found a staircase to the Depths.
 15892 | D:15     | Gained mutation: You have supernaturally acute eyesight.
                  | (SInv) [Jiyva's grace]
 15986 | D:15     | Reached ****** piety under Jiyva
 16032 | D:15     | Found a roughly hewn altar of Beogh.
 16217 | D:15     | Reached skill level 1 in Armour
 16241 | D:15     | Gained mutation: You are strong-willed. (Will+) [Jiyva's
                  | grace]
 16251 | D:15     | Gained mutation: Your mind is acute. (Int +2) [Jiyva's
                  | grace]
 16298 | D:15     | Gained mutation: Your movements are slightly less
                  | encumbered by armour. (ER -2) [Jiyva's grace]
 16605 | D:12     | Gained mutation: You have a small jelly attached to you
                  | that senses nearby items. [Jiyva's grace]
 16691 | Lair:1   | Killed Gastronok
 16771 | Slime:1  | Entered Level 1 of the Pits of Slime
 16778 | Slime:2  | Noticed Dissolution
 16828 | Slime:4  | Noticed an azure jelly
 16839 | Slime:5  | Entered Level 5 of the Pits of Slime
 16843 | Slime:5  | Gained mutation: You have a pair of small antennae on your
                  | head. [Jiyva's grace]
 16846 | Slime:5  | Lost mutation: You have a small jelly attached to you that
                  | senses nearby items. [Jiyva's grace]
 16849 | Slime:5  | Lost mutation: Your movements are slightly less encumbered
                  | by armour. (ER -2) [Jiyva's grace]
 16850 | Slime:5  | Found a viscous altar of Jiyva.
 16851 | Slime:5  | Noticed an acid blob
 16851 | Slime:5  | Gained mutation: You are highly strong-willed. (Will++)
                  | [Jiyva's grace]
 16853 | Slime:5  | Noticed an acid blob
 16854 | Slime:5  | Found the +27 Lear's hauberk
 16854 | Slime:5  | Noticed an acid blob
 16854 | Slime:5  | Noticed an acid blob
 16855 | Slime:5  | Noticed the Royal Jelly
 16855 | Slime:5  | Noticed an acid blob
 16858 | Slime:5  | Got a scintillating marble ring
 16858 | Slime:5  | Gained mutation: Your muscles are strong. (Str +2) [Jiyva's
                  | grace]
 16861 | Slime:5  | Got a slimy rune of Zot
 16863 | Slime:5  | Noticed an acid blob
 16865 | Slime:5  | Noticed an acid blob
 16878 | Slime:5  | Got a heavily runed silver ring
 16890 | Slime:5  | Got a coiled jade ring
 16964 | Slime:1  | Noticed an acid blob
 16969 | Lair:5   | Identified the ring "Edett" {rPois rN+ rCorr Int+2} (You
                  | found it on level 5 of the Pits of Slime)
 16971 | Lair:5   | Identified the ring of Luilisew {rElec rPois Int+6 Dex-2}
                  | (You found it on level 5 of the Pits of Slime)
 16973 | Lair:5   | Identified the ring "Ezoxodwu" {*Slow rN+ EV+4 Dex+5
                  | Stlth+} (You found it on level 5 of the Pits of Slime)
 17053 | Snake:1  | Entered Level 1 of the Snake Pit
 17119 | Snake:1  | Reached XP level 15. HP: 117/149 MP: 14/14
 17124 | Snake:1  | Noticed Azrael
 17308 | Snake:1  | Found a transporter.
 17558 | Snake:1  | Noticed Aizul
 17582 | Snake:1  | Killed Aizul
 17697 | Snake:1  | Gained mutation: You are extremely strong-willed. (Will+++)
                  | [Jiyva's grace]
 18021 | Snake:1  | Killed Azrael
 18029 | Snake:1  | Found a transporter.
 18589 | Snake:1  | Gained mutation: Your rubbery body absorbs attacks. (AC +1,
                  | EV +1) [Jiyva's grace]
 18936 | Snake:1  | Acquired the amulet "Lupo Ekabi" {rN++ Regen+ Str+3}
 19159 | Snake:2  | Noticed Vashnia
 19311 | Snake:2  | Noticed a nagaraja
 19336 | Snake:2  | Gained mutation: Your skin changes colour to match your
                  | surroundings (Stealth+). [Jiyva's grace]
 19382 | Snake:2  | Killed Vashnia
 19395 | Snake:2  | Gained mutation: You are robust. (+10% HP) [Jiyva's grace]
 19433 | Snake:2  | Lost mutation: Your skin changes colour to match your
                  | surroundings (Stealth+). [Jiyva's grace]
 19498 | Snake:2  | Slimified a nagaraja
 19498 | Snake:2  | Noticed an acid blob
 19498 | Snake:2  | a nagaraja changed into an acid blob
 19624 | Snake:3  | Reached XP level 16. HP: 157/177 MP: 15/15
 19660 | Snake:3  | Found a glowing golden altar of the Shining One.
 19829 | Snake:3  | Lost mutation: You have a small jelly attached to you that
                  | may absorb incoming projectiles. [Jiyva's grace]
 20311 | Snake:4  | Entered Level 4 of the Snake Pit
 20576 | Snake:4  | Noticed an acid blob
 20576 | Snake:4  | an anaconda changed into an acid blob
 20579 | Snake:4  | Killed an acid blob
 20592 | Snake:4  | Gained mutation: You are agile. (Dex +2) [Jiyva's grace]
 20659 | Snake:4  | Reached skill level 16 in Unarmed Combat
 20692 | Snake:4  | Gained mutation: Your body has grown golden eyes which may
                  | confuse attackers. (Acc +3) [Jiyva's grace]
 20908 | Snake:4  | Gained mutation: Your body has grown many golden eyes which
                  | may confuse attackers. (Acc +5) [Jiyva's grace]
 20963 | Snake:4  | Lost mutation: You are robust. (+10% HP) [Jiyva's grace]
 21010 | Snake:4  | Noticed an acid blob
 21010 | Snake:4  | a nagaraja changed into an acid blob
 21073 | Snake:4  | Noticed an acid blob
 21073 | Snake:4  | a nagaraja changed into an acid blob
 21073 | Snake:4  | Lost mutation: Your muscles are strong. (Str +2) [Jiyva's
                  | grace]
 21134 | Snake:4  | Gained mutation: You are covered in slimy tendrils that may
                  | disarm your opponents. [Jiyva's grace]
 21148 | Snake:4  | Reached skill level 17 in Unarmed Combat
 21332 | Snake:4  | Got a serpentine rune of Zot
 21541 | Lair:3   | Killed Rupert
 21566 | Lair:3   | Lost mutation: You have large cloven feet. [Jiyva's grace]
 21704 | Shoals:1 | Entered Level 1 of the Shoals
 21813 | Shoals:1 | Gained mutation: You are frail. (-10% HP) [Jiyva's grace]
 21930 | Shoals:1 | Lost mutation: You have supernaturally acute eyesight.
                  | (SInv) [Jiyva's grace]
 21970 | Shoals:1 | Reached XP level 17. HP: 153/153 MP: 16/16
 22149 | Shoals:3 | Noticed an acid blob
 22149 | Shoals:3 | a merfolk impaler changed into an acid blob
 22253 | Shoals:3 | Gained mutation: Your flesh is heat resistant. (rF+)
                  | [Jiyva's grace]
 22274 | Shoals:4 | Entered Level 4 of the Shoals
 22295 | Shoals:4 | Noticed Ilsuiw
 22435 | Shoals:2 | Gained mutation: You have sharp toenails. [Jiyva's grace]
 22759 | Shoals:4 | Lost mutation: You are frail. (-10% HP) [Jiyva's grace]
 22795 | Shoals:4 | Found Hueng's Jewellery Shoppe.
 22862 | Shoals:4 | Gained mutation: You are somewhat resistant to further
                  | mutation. [Jiyva's grace]
 22961 | Shoals:4 | Noticed an acid blob
 22961 | Shoals:4 | a merfolk impaler changed into an acid blob
 23038 | Shoals:4 | Lost mutation: You are agile. (Dex +2) [Jiyva's grace]
 23092 | Shoals:4 | Reached skill level 5 in Armour
 23148 | Shoals:4 | Gained mutation: Your mind is very acute. (Int +4) [Jiyva's
                  | grace]
 23238 | Shoals:4 | Got a barnacled rune of Zot
 23439 | D:9      | Gained mutation: You have a small jelly attached to you
                  | that senses nearby items. [Jiyva's grace]
 23468 | D:8      | Fell from the grace of Jiyva
 23468 | D:8      | Became a worshipper of Zin the Law-Giver
 23468 | D:8      | Reached * piety under Zin
 23468 | D:8      | Reached ** piety under Zin
 23560 | Orc:1    | Entered Level 1 of the Orcish Mines
 23590 | Orc:1    | Reached *** piety under Zin
 23804 | Orc:1    | Reached **** piety under Zin
 24093 | Orc:1    | Identified the Incunabulum of Freezing Moulding
 24106 | Orc:1    | Reached ***** piety under Zin
 24129 | Orc:1    | Got a bone rapier
 24213 | Orc:2    | Entered Level 2 of the Orcish Mines
 24213 | Orc:2    | Found a staircase to the Elven Halls.
 24227 | Orc:2    | Lost mutation: Your body has grown many golden eyes which
                  | may confuse attackers. (Acc +5) [the vengeance of Jiyva]
 24228 | Orc:2    | Noticed an acid blob
 24234 | Orc:2    | Killed an acid blob
 24276 | Orc:2    | Found Uzxui's Gadget Emporium.
 24605 | Orc:2    | Found Geerch's Weapon Emporium.
 24610 | Orc:2    | Found Givos's Antique Weapon Shop.
 24621 | Orc:2    | Found Feituiba's Antique Weapon Shoppe.
 24682 | Orc:2    | Reached skill level 1 in Invocations
 24715 | Orc:2    | Found a runed translucent gate.
 24716 | Orc:2    | Found a runed translucent gate.
 24717 | Orc:2    | Found a runed translucent gate.
 24718 | Orc:2    | Noticed dracos369's ghost (journeyman GnDe)
 24757 | Orc:2    | Identified the +2 buckler "Plog" {Int-2 Slay+3 SInv}
 24893 | Orc:2    | Found a roughly hewn altar of Beogh.
 25023 | Orc:2    | Killed dracos369's ghost
 25124 | Elf:1    | Entered Level 1 of the Elven Halls
 25321 | Elf:1    | Reached XP level 18. HP: 159/180 MP: 18/18
 25326 | Elf:1    | Learned a level 2 spell: Blink
 25326 | Elf:1    | Identified the Handbook of Attacks
 25340 | Elf:1    | Reached ****** piety under Zin
 25791 | Depths:1 | Entered Level 1 of the Depths
 26032 | D:15     | Reached skill level 1 in Translocations
 26245 | D:15     | Lost mutation: You are covered in slimy tendrils that may
                  | disarm your opponents. [the vengeance of Jiyva]
 26372 | D:15     | Lost mutation: Your rubbery body absorbs attacks. (AC +1,
                  | EV +1) [the vengeance of Jiyva]
 26582 | Depths:1 | Noticed a pearl dragon
 26594 | Depths:1 | Killed a pearl dragon
 26615 | Depths:1 | Found a glowing silver altar of Zin.
 26615 | Depths:1 | Found a white marble altar of Elyvilon.
 26615 | Depths:1 | Found a glowing golden altar of the Shining One.
 26804 | Depths:2 | Noticed Nikola
 27372 | Depths:1 | Paralysed by a floating eye for 2 turns
 27894 | Depths:1 | Found a one-way gate to the infinite horrors of the Abyss.
 28088 | Depths:1 | Found a gateway to Hell.
 28093 | Depths:1 | Found the +8 trident of the Octopus King {venom, rElec
                  | rPois Will+}
 28311 | Depths:1 | Reached skill level 18 in Unarmed Combat
 28692 | Depths:2 | Reached skill level 5 in Invocations
 28783 | Depths:2 | You fall into a shaft and drop 2 floors!
 28836 | Depths:3 | Reached XP level 19. HP: 76/191 MP: 21/21
 28902 | Depths:2 | Found the +6 Majin-Bo {vamp, MP+6 Int+6}
 28994 | Depths:3 | Identified the +10 rapier of the Gloaming {protect, rPois
                  | rF+ rN+ Str-4} (You found it on level 1 of the Orcish
                  | Mines)
 29471 | Depths:3 | Found Mekhisyrph's Distillery.
 29547 | Depths:3 | HP: 4/192 [quicksilver dragon/bolt of dispelling energy
                  | (29)]
 29774 | Depths:1 | Found a portal to a secret trove of treasure.
 30041 | Depths:2 | Lost mutation: You have a small jelly attached to you that
                  | senses nearby items. [the vengeance of Jiyva]
 30195 | Depths:2 | Killed Nikola
 30321 | Depths:2 | Found Jibuwev's Gadget Shoppe.
 30323 | Depths:2 | Found Ubluusut's Jewellery Boutique.
 30324 | Depths:2 | Found Riveips's Gadget Shoppe.
 30334 | Depths:2 | Bought the ring of the Pharaoh's Fist {rC+ rN+ SInv} for
                  | 808 gold pieces
 30698 | Depths:3 | Found a one-way gate leading to the halls of Pandemonium.
 30888 | Depths:3 | Found Upihehasu's Antique Weapon Boutique.
 30890 | Depths:3 | Found Exkohih's Antique Weapon Shop.
 31001 | Depths:3 | Bought a potion of heal wounds for 125 gold pieces
 31235 | Depths:4 | Found a gateway to a ziggurat.
 31296 | Depths:4 | Was forgiven by Jiyva
 31587 | D:9      | Fell from the grace of Zin
 31587 | D:9      | Became a worshipper of the Wu Jian Council
 31861 | Depths:2 | Found a sparkling altar of Nemelex Xobeh.
 32033 | Depths:3 | Noticed a lich
 32047 | Depths:3 | Killed a lich
 32379 | Depths:3 | Reached XP level 20. HP: 161/202 MP: 24/24
 32577 | Depths:4 | Noticed the Enchantress
 32947 | Depths:3 | Reached * piety under Wu Jian
 32948 | Depths:3 | Reached skill level 10 in Throwing
 33346 | Depths:5 | Entered Level 5 of the Depths
 33364 | Depths:4 | Reached skill level 15 in Dodging
 33384 | Depths:4 | Killed the Enchantress
 33384 | Depths:4 | Reached ** piety under Wu Jian
 33385 | Depths:4 | Reached skill level 19 in Unarmed Combat
 33490 | Depths:5 | Gained mutation: You are weak. (Str -2) [mutagenic glow]
 33505 | Depths:5 | Gained mutation: Your body sometimes deteriorates upon
                  | taking damage. [mutagenic glow]
 33518 | Depths:5 | Lost mutation: Your body has grown golden eyes which may
                  | confuse attackers. (Acc +3) [mutagenic glow]
 33892 | Depths:5 | Noticed an ancient lich
 33895 | Depths:5 | Found a gate to the Realm of Zot.
 34198 | Depths:5 | Reached skill level 10 in Transmutations
 34211 | Depths:5 | Reached *** piety under Wu Jian
 34223 | Depths:5 | Paralysed by a floating eye for 2 turns
 34267 | Depths:5 | Identified the +5 chain mail of Rotation {rCorr Str-2 Dex+5
                  | Stlth+}
 34324 | Depths:4 | Found Emuekiriz's Book Shoppe.
 34459 | Depths:2 | Bought a condenser vane for 880 gold pieces
 35069 | Depths:5 | Reached **** piety under Wu Jian
 35305 | Depths:5 | Identified the Tome of Torrid Earth
 35505 | Depths:5 | Reached XP level 21. HP: 206/210 MP: 19/25
 35542 | Depths:5 | Reached skill level 20 in Unarmed Combat
 35956 | Zot:1    | Entered Level 1 of the Realm of Zot
 35956 | Zot:1    | Found a huge runed gate.
 35956 | Zot:1    | Found a huge runed gate.
 35956 | Zot:1    | Found a huge runed gate.
 35956 | Zot:1    | Found a huge runed gate.
 35956 | Zot:1    | Found a huge runed gate.
 35956 | Zot:1    | Found a huge runed gate.
 35956 | Zot:1    | Found a huge runed gate.
 35957 | Zot:1    | Found a huge runed gate.
 35958 | Zot:1    | Found a huge runed gate.
 35959 | Zot:1    | Found a huge runed gate.
 35960 | Zot:1    | Found a huge runed gate.
 35989 | Zot:1    | Found a huge runed gate.
 36094 | Zot:1    | Found a runed translucent gate.
 36102 | Zot:1    | Found a runed translucent gate.
 36102 | Zot:1    | Found a runed translucent gate.
 36153 | Zot:1    | Noticed Flapstick's ghost (legendary HaBe)
 36156 | Zot:1    | Found a huge runed gate.
 36156 | Zot:1    | Found a huge runed gate.
 36156 | Zot:1    | Found a huge runed gate.
 36169 | Zot:1    | Found a huge runed gate.
 36170 | Zot:1    | Found a huge runed gate.
 36171 | Zot:1    | Found a huge runed gate.
 36172 | Zot:1    | Found a huge runed gate.
 36173 | Zot:1    | Found a huge runed gate.
 36174 | Zot:1    | Found a huge runed gate.
 36175 | Zot:1    | Found a huge runed gate.
 36176 | Zot:1    | Found a huge runed gate.
 36177 | Zot:1    | Found a huge runed gate.
 36218 | Zot:1    | Noticed an orb of fire
 36219 | Zot:1    | HP: 8/210 [orb of fire/bolt of fire (33)]
 36219 | Zot:1    | HP: 2/210 [quicksilver dragon (3)]
 36220 | Zot:1    | Killed from afar by a red draconian stormcaller

Illustrated notes

Levels and vault maps discovered:
D:1:      tarquinn_simple_flora_water_a, layout_basic, grunt_decor_one_mirror
D:2:      layout_rooms, general_overflow_altar, nicolae_ru_sacrificial_ziggurat
D:3:      layout_loops_corners, old_standard_altar, uniq_sigmund
D:4:      layout_rooms, temple_statues, serial_shops, kennysheep_mini_moat,
          kennysheep_another_room, serial_bayou_lagoon_b
D:5:      layout_basic, old_standard_altar, nicolae_overflow_hidden_temple,
          serial_shops, shop, uniq_blork_the_orc, uniq_duvessa
D:6:      layout_gridville, dancing_weapons_uskayaw, lemuel_round_altar,
          doesnt_xom_only_xom, trog_ov_bears_minmay,
          nicolae_qazlal_general_emergency
D:7:      layout_layer_cave, nicolae_overflow_crystal_walls, serial_shops, shop,
          gammafunk_ghost_cemetery, minmay_manual_monolith
D:8:      layout_cave_pools, overflow_temple_1_default, lemuel_doored_altar,
          serial_shops, kennysheep_mini, serial_park, serial_park_square1
          [serial_park_minivault_5x5_4], serial_park_avenue1, serial_park_tiny_1
D:9:      layout_basic, marbit_many_paths, nemelex_xobeh_ov_fountains_minmay,
          david_lair_generic, serial_shops, shop
D:10:     layout_irregular_city, hiddenorc2_lemuel, serial_shops, shop
D:11:     statuecave_lemuel, layout_rooms, serial_glass, glass_columns_c,
          glass_columns_a, glass_columns_b, glass_columns_a, glass_columns_a,
          basic_altar, minmay_misc_feat_hallway, skrybe_limestone_x
D:12:     layout_roguey
D:13:     layout_small_grid, serial_shops, shop, uniq_kirke
D:14:     layout_gridville, david_vaults_4
D:15:     hangedman_depths_entry_try_elsewhere_first, layout_basic,
          minivault_24, special_room [special_room_orc], minmay_fountain_box,
          pond
Temple:   corrupted_temple
Lair:1:   layout_long_grid, special_room [special_room_bee],
          portal_ice_cave_rime, uniq_gastronok, uniq_erica
Lair:2:   minmay_lair_oklob_tunnel, layout_gridlike, elwin_shoals_entry_rooms,
          minmay_lair_oklob_chamber
Lair:3:   layout_roguey, dummy_snake_entry, chequers_serial_rivers_small_3,
          grunt_megastairs_2, infiniplex_staircase_pool_2, uniq_fannar,
          uniq_rupert
Lair:4:   layout_loops_ring
Lair:5:   kb_forest_paths, layout_long_grid, slime_altar_1
Lair:6:   evil_forest, layout_layer_cave, ebering_ghost_rock_garden,
          grunt_megastairs_3, uniq_sonja
Shoals:1: cheibrodos_shoals_satyrical_garden, layout_shoals
Shoals:2: layout_shoals, st_sunken_temple
Shoals:3: layout_shoals, amcnicky_altar_lugonu_corruption
Shoals:4: shoals_end_simple, layout_shoals, shoals_ilsuiw_ice, serial_shops,
          nicolae_shop_temple_entry_statues_fountains
Snake:1:  gammafunk_sealed_arena, layout_chambers, grunt_ministairs_2,
          uniq_azrael, uniq_aizul
Snake:2:  layout_onion_interference, minmay_snake_pond, serial_bayou_shore_a,
          uniq_vashnia
Snake:3:  layout_onion_interference, basic_altar, drop_trap, grunt_ministairs_2,
          nicolae_snake_lava_pool
Snake:4:  grunt_snake_rune_pools, layout_cave_town, serial_bayou,
          serial_bayou_lake_a, serial_bayou_shore_b, serial_bayou_pond_e,
          serial_bayou_crossing
Slime:1:  layout_caves
Slime:2:  cheibrodos_slime_lost_civilization_9, layout_caves, dissolution_awaits
Slime:3:  layout_caves
Slime:4:  layout_caves, nicolae_slime_barrier
Slime:5
Orc:1:    layout_caves, abandoned_shop, minmay_orc_treasury
Orc:2:    st_orc_open, layout_diamond_mine, basic_altar, gammafunk_ghost_split,
          abandoned_shop
Elf:1:    elf_arrival_002, layout_rooms, minmay_elf_annihilation
Elf:2:    layout_geoelf_diagonals, minmay_strange_pillars
Depths:1: layout_cross, hellmouth_2, hangedman_decor_lopped, abyss_entry,
          enter_trove_5, amcnicky_mini_corridor_feature, hallowed_hall
Depths:2: hangedman_surveillance_ring, layout_cave_pools,
          minmay_misc_feat_ornament, hell_entry, nemelex_diamond_rough_becter,
          minmay_shop_grove, firewood_loft, uniq_nikola
Depths:3: nzn_winding_woodlands_small [nzn_winding_woodlands_5x15_concentric,
          nzn_winding_woodlands_center_pierced_h,
          nzn_winding_woodlands_5x15_sidewinder], layout_long_grid,
          hangedman_coc_ice_floe, rand_demon_pan_entry_8,
          kennysheep_generic_room_11, infiniplex_staircase_zigzag_1,
          minmay_shop_star
Depths:4: evilmike_lava_path, layout_twisted_cross, enter_ziggurat_a,
          pf_hell_entry_great_geh, serial_sigils, serial_sigils_hangedman_snap,
          serial_sigils_hangedman_leer, serial_sigils_hangedman_quiver,
          serial_sigils_hangedman_confine, serial_sigils_hangedman_writhe,
          abyss_entry_flame_altar, serial_shops, freezing_bzr, shop,
          grunt_ministairs_8, uniq_enchantress
Depths:5: hangedman_pleasuredromes, abyss_entry, hell_entry, pan_entry
Zot:1:    layout_basic, ebering_ghost_rock_garden, hangedman_zot_gyre,
          not_door_vault_due

Skill      XL: |  1  2  3  4  5  6  7  8  9 10 11 12 13 14 15 16 17 18 19 20 21 |
---------------+----------------------------------------------------------------+-----
Unarmed Combat | 4 5 6 8 9 11 12 13 14 15 17 18 19 20 | 20.2
Dodging        | 3 4 5 7 8 9 10 11 13 14 15 16 | 16.2
Fighting       | 3 4 5 6 7 8 9 10 11 12 13 | 13.3
Transmutations | 2 3 4 6 7 8 9 10 | 10.3
Evocations     | 2 4 5 6 7 8 9 |  9.4
Throwing       | 3 5 6 7 8 9 10 | 10.0
Armour         | 1 4 5 6 |  6.3
Invocations    | 2 5 7 |  7.0
Translocations | 3 |  3.0
Stealth        | |  1.0

Action                   |  1- 3 |  4- 6 |  7- 9 | 10-12 | 13-15 | 16-18 | 19-21 || total
-------------------------+-------+-------+-------+-------+-------+-------+-------++-------
Melee: Unarmed           |    92 |   154 |   295 |   563 |  1093 |  1831 |  1480 ||  5508
       Punch             |       |     1 |     7 |    43 |    97 |   270 |   228 ||   646
       Kick              |       |       |       |    99 |   334 |   853 |   813 ||  2099
       Headbutt          |       |       |       |    56 |    61 |       |       ||   117
Throw: Dart              |       |       |     2 |    43 |    11 |     5 |       ||    61
       Large rock        |       |       |       |       |    14 |    15 |    16 ||    45
 Cast: Beastly Appendage |       |       |     1 |    43 |    39 |       |       ||    83
       Wereblood         |       |       |       |     2 |    17 |     2 |       ||    21
       Blade Hands       |       |       |       |       |       |     2 |    12 ||    14
Invok: Request Jelly     |       |       |       |       |    10 |     1 |       ||    11
       Slimify           |       |       |       |       |     1 |    11 |       ||    12
       Recite            |       |       |       |       |       |     4 |       ||     4
       Lunge             |       |       |       |       |       |       |    58 ||    58
       Sanctuary         |       |       |       |       |       |       |     1 ||     1
       Whirlwind         |       |       |       |       |       |       |    34 ||    34
       Serpent's Lash    |       |       |       |       |       |       |     1 ||     1
 Abil: Wall Jump         |       |       |       |       |       |       |     1 ||     1
Evoke: Wand              |       |       |       |     3 |    11 |     2 |       ||    16
       Box of beasts     |       |       |       |     1 |       |       |       ||     1
       Tin of tremorston |       |       |       |       |     2 |       |     1 ||     3
       Condenser vane    |       |       |       |       |       |       |     1 ||     1
  Use: Scroll            |       |     4 |     4 |    14 |    20 |    20 |    12 ||    74
       Potion            |       |       |     2 |       |     2 |     5 |    14 ||    23
 Stab: Sleeping          |     5 |     2 |    11 |    13 |     2 |     4 |       ||    37
       Distracted        |       |     1 |       |     3 |       |     4 |     1 ||     9
       Confused          |       |       |       |       |       |    30 |    15 ||    45
Armor: Robe              |    25 |    32 |    55 |    77 |    99 |       |       ||   288
       Acid dragon scale |       |       |       |       |   154 |   363 |   382 ||   899
       Troll leather arm |       |       |       |       |     2 |       |       ||     2
Dodge: Dodged            |    43 |    54 |   146 |   288 |   641 |  1634 |  1099 ||  3905
Block: Other             |       |       |       |    73 |   197 |       |       ||   270
       Reflection        |       |       |       |     7 |     7 |       |       ||    14
